 Dungeon Crawl Stone Soup version 0.31-a0-7-g51783674b7 (webtiles) character file.

Game seed: 14094055824995189745

5 sircluck the Cudgeller (level 2, 0/26 HPs)
             Began as a Meteoran Cinder Acolyte on May 5, 2023.
             Was a High Priest of Ignis.
             Succumbed to an adder's poison
             ... on level 3 of the Dungeon.
             The game lasted 00:00:22 (137 turns).

sircluck the Cudgeller (Meteoran Cinder Acolyte)     Turns: 137, Time: 00:00:22

Health: 0/26       AC:  2    Str: 15    XL:     2   Next: 5%
Magic:  5/5        EV: 11    Int: 15    God:    Ignis [*****.]
Gold:   12         SH:  0    Dex:  9    Spells: 3/3 levels left

rFire   + . .        a - -1 mace (flame)
rCold   . . .        (no shield)
rNeg    . . .        b - +0 robe
rPois   .            (no helmet)
rElec   .            (no cloak)
rCorr   .            (no gloves)
SInv    .            (no boots)
Will    .....        (no amulet)
Stlth   +            (no ring)
HPRegen 0.24/turn    (no ring)
MPRegen 0.09/turn

%: no passive effects
@: lethally poisoned (0 -> -6), glowing
A: sense surroundings 1, otherworldly, glowing, explore regen
a: Renounce Religion, Fiery Armour, Foxfire Swarm, Rising Flame


You were on level 3 of the Dungeon.
You worshipped Ignis.
Ignis was extremely pleased with you.
You visited 1 branch of the dungeon, and saw 3 of its levels.

You collected 12 gold pieces.

Inventory:

Hand Weapons
 a - a -1 mace of flaming (weapon)
Armour
 b - a +0 robe (worn)
Scrolls
 c - a scroll of poison {unknown}


   Skills:
 + Level 3.4 Fighting
 + Level 4.4 Maces & Flails
 + Level 1.3 Spellcasting
 + Level 3.6 Fire Magic


You had 3 spell levels left.
You didn't know any spells.
Your spell library contained the following spells:

 Spells                   Type           Power      Damage    Failure   Level
 Scorch                   Fire           22%        2d6       9%          2


Dungeon Overview and Level Annotations

Branches:
Dungeon (3/15) Zot: 1658

Altars:


Innate Abilities, Weirdness & Mutations

You passively map a small area around you.
You are easily found by Zot.
You glow in the dark.
You regain HP and MP as you explore.


Message History

The kobold throws a stone.
The stone misses you.
The kobold throws a stone.
The stone barely misses you.
The kobold hits you with a +0 short sword.
You completely miss the kobold.
The kobold hits you with a +0 short sword.
You barely miss the kobold. The kobold closely misses you.
You completely miss the kobold. The kobold misses you.
You hit the kobold. You burn the kobold.
You kill the kobold!
You have reached level 2!
Things that are here:
a +0 short sword; 5 stones; a kobold corpse An adder comes into view.
The adder hisses angrily.
Found a leather armour.
An endoplasm comes into view.
The endoplasm quivers.
Found a pink potion and a scroll labelled EMIROENTUNN.
The endoplasm completely misses you.
A hobgoblin comes into view.
The hobgoblin shouts!
You hear a shout!
A kobold comes into view. It is wielding a +0 club.
The hobgoblin hits you. The endoplasm attacks as you move away!
The endoplasm hits you.
You closely miss the kobold. The kobold hits you with a +0 club.
The endoplasm freezes you.
You are frozen.
The hobgoblin hits you.
You closely miss the kobold. The adder bites you.
The kobold hits you with a +0 club. The endoplasm hits you.
The hobgoblin hits you. The adder bites you.
You are poisoned.
The adder poisons you! The kobold hits you with a +0 club.
* * * LOW HITPOINT WARNING * * *
The endoplasm freezes you.
You are frozen.
* * * LOW HITPOINT WARNING * * *
The hobgoblin hits you.
* * * LOW HITPOINT WARNING * * *
You barely miss the endoplasm.
You die...

##.####### ,
#....S.... * *
#..####.## * *
######..####.#
,
!............#
*
######..###..##
###..###.... ,
#..gJS....# * *
#.#[@###### ,
#.#.K#* ** * **
,....?.,, , *
,...#####* * *
, * *####* , ,
* * * ,


You could see an adder, an endoplasm, a hobgoblin and a kobold.

Vanquished Creatures
  2 bats (D:1)
  2 kobolds
4 creatures vanquished.

Notes
Turn   | Place    | Note
-------+----------+-------------------------------------------
     0 | D:1      | sircluck the Meteoran Cinder Acolyte began the quest for
                  | the Orb.
     0 | D:1      | Reached XP level 1. HP: 19/19 MP: 3/3
   115 | D:3      | Reached XP level 2. HP: 20/26 MP: 5/5
   137 | D:3      | Succumbed to an adder's poison

Illustrated notes

Levels and vault maps discovered:
D:1:      psy_arrival_basics, layout_basic, minmay_heptomino_l4
D:2:      layout_loops_ring, serial_bayou, serial_bayou_shore_b,
          serial_bayou_shore_b, serial_bayou_ford_a, serial_bayou_lagoon_a,
          minmay_snake_closets, uniq_sigmund
D:3:      layout_loops_ring, uniq_crazy_yiuf_cottage, uniq_robin, uniq_grinder

Action                     || total
---------------------------++-------
  Melee: Mace              ||    25
         Punch             ||     1
 Armour: Robe              ||    17
  Dodge: Dodged            ||    21

Table legend: (Time is in decaauts)
 A = Elapsed time spent in this place.
 B = Non-inter-level travel time spent in this place.
 C = Inter-level travel time spent in this place.
 D = Time resting spent in this place.
 E = Time spent auto-exploring this place.
 F = Levels seen in this place.
 G = Mean time per level.
                   A        B        C        D        E       F      G
               +--------+--------+--------+--------+--------+-----+--------+
         Total |    141 |    141 |      0 |      0 |     35 |   3 |   47.0 |
       Dungeon |    141 |    141 |      0 |      0 |     35 |   3 |   47.0 |
               +--------+--------+--------+--------+--------+-----+--------+

Top non-repeatable levels by time:
     D:1: 79 daAuts
     D:3: 43 daAuts
     D:2: 17 daAuts
